 Dungeon Crawl Stone Soup version 0.30-a0-394-g3e4acdb0ae (webtiles) character file.

Game seed: 12463103397845309172

302263 NinjaNoafa the Impaler (level 21, -10/164 HPs)
             Began as a Merfolk Gladiator on Dec 6, 2022.
             Was the Champion of Uskayaw.
             Shot with a bolt by a yaktaur captain (28 damage)
             ... on level 4 of the Vaults on Dec 7, 2022.
             The game lasted 01:54:40 (48229 turns).

NinjaNoafa the Impaler (Merfolk Gladiator)         Turns: 48229, Time: 01:54:41

Health: -10/164    AC: 34    Str: 30    XL:     21   Next: 6%
Magic:  32/32      EV: 25    Int:  6    God:    Uskayaw [******]
Gold:   577        SH:  0    Dex: 19    Spells: 20/20 levels left

rFire   + . .      SeeInvis +    a - +10 halberd of Painful Death {freeze, rElec rPois rF+}
rCold   + + .      Faith    +    (shield currently unavailable)
rNeg    . . .      Spirit   .    g - +10 plate armour of Omission {Regen+ Str+3 SInv}
rPois   +          Reflect  .    n - +2 hat {Will+}
rElec   +          Harm     .    Y - +1 cloak of Starlight {*Dazzle EV+4 Stlth--}
rCorr   .          Rampage  ∞    o - +2 pair of gloves
Will    +....                    C - +3 pair of seven-league boots {Rampage+∞}
Stlth   ..........               H - amulet of faith
HPRegen 0.00/turn                q - +6 ring of strength
MPRegen 0.23/turn                T - +4 ring of evasion

@: weak-willed, marked, inhibited regen, studying 3 skills
A: (nimble swimmer 2), mertail, cold resistance 2, deformed body, dopey 1, frail
1, strong-willed 1, inhibited regeneration
}: 2/15 runes: serpentine, barnacled
a: Renounce Religion, Stomp, Line Pass, Grand Finale


You were on level 4 of the Vaults.
You worshipped Uskayaw.
Uskayaw was pleased with you.
You visited 9 branches of the dungeon, and saw 38 of its levels.
You visited 1 bazaar.
You also visited: Sewer, Ossuary and Gauntlet.

You collected 4163 gold pieces.
You spent 3586 gold pieces at shops.

Inventory:

Hand Weapons
 a - the +10 halberd of Painful Death (weapon) {freeze, rElec rPois rF+}
   (You bought it in a shop on level 6 of the Dungeon)

   It freezes those it strikes, dealing additional cold damage.
   It can also slow down cold-blooded creatures.
   rF:        It protects you from fire.
   rElec:     It insulates you from electricity.
   rPois:     It protects you from poison.
 b - a +8 vampiric demon trident
Missiles
 d - 6 throwing nets
 f - 76 poisoned darts
 t - 45 boomerangs
 G - 4 atropa-tipped darts
 L - 6 silver javelins
 R - 15 javelins (quivered)
Armour
 g - the +10 plate armour of Omission (worn) {Regen+ Str+3 SInv}
   (You bought it in a shop on level 7 of the Dungeon)

   Str:       It affects your strength (+3).
   SInv:      It lets you see invisible.
   Regen:     It increases your rate of health regeneration.
 n - a +2 hat of willpower (worn)
 o - a +2 pair of gloves (worn)
 C - the +3 pair of seven-league boots (worn) {Rampage+∞}
   (You found it on level 2 of the Vaults)

   Its wearer moves as far as possible in that direction when moving towards
   enemies.
 Y - the +1 cloak of Starlight (worn) {*Dazzle EV+4 Stlth--}
   (You found it in a Gauntlet)

   It may blind those who miss an attack against the wearer in melee combat.
   EV:        It affects your evasion (+4).
   Stlth:     It makes you much less stealthy.
Jewellery
 q - a +6 ring of strength (left hand)
 r - a ring of willpower
 A - a ring of protection from cold
 H - an amulet of faith (around neck)
 O - a ring of see invisible
 P - a ring of protection from fire
 T - a +4 ring of evasion (right hand)
 Z - a ring of resist corrosion
Wands
 e - a wand of flame (24)
 i - a wand of paralysis (25)
 j - a wand of digging (7)
 k - a wand of roots (24)
 l - a wand of acid (15)
 m - a wand of polymorph (6)
 u - a wand of mindburst (21)
Scrolls
 c - 2 scrolls of summoning
 h - 6 scrolls of magic mapping
 p - a scroll of enchant armour
 s - 4 scrolls of immolation
 x - 3 scrolls of fear
 y - 9 scrolls of butterflies
 D - 6 scrolls of teleportation
 E - 2 scrolls of brand weapon
 F - 5 scrolls of poison
 K - 3 scrolls of silence
 V - 2 scrolls of blinking
Potions
 v - 2 potions of invisibility
 w - 5 potions of haste
 z - 3 potions of resistance
 B - 2 potions of might
 J - 5 potions of curing
 M - 11 potions of lignification
 N - 4 potions of cancellation
 S - 3 potions of berserk rage
 X - a potion of flight
Miscellaneous
 I - a piece from Xom's chessboard (15/15)
 Q - a lightning rod (1/4)
 U - a tin of tremorstones (1/2)
 W - a phial of floods


   Skills:
 - Level 20.0 Fighting
 - Level 6.0 Short Blades
 - Level 3.0 Maces & Flails
 - Level 20.0 Polearms
 - Level 10.0 Throwing
 + Level 14.9 Armour
 - Level 16.0 Dodging
 + Level 15.8 Invocations
 + Level 13.8 Evocations


You had 20 spell levels left.
You didn't know any spells.
Your spell library contained the following spells:

 Spells                   Type           Power      Damage    Failure   Level
 Foxfire                  Conj/Fire      0%         2x1d4     95%         1
 Freeze                   Ice            0%         1d3       95%         1
 Kiss of Death            Conj/Necr      0%         2d5       95%         1
 Magic Dart               Conj           0%         1d3       95%         1
 Sting                    Tmut/Pois      0%         1d3       95%         1
 Blink                    Tloc           0%         N/A       99%         2
 Call Imp                 Summ           0%         N/A       99%         2
 Momentum Strike          Conj/Tloc      0%         3d8       99%         2
 Poisonous Vapours        Pois/Air       0%         N/A       99%         2
 Scorch                   Fire           0%         2d5       99%         2
 Confusing Touch          Hex            0%         N/A       100%        3
 Frozen Ramparts          Ice            0%         1d1       100%        3
 Hailstorm                Conj/Ice       0%         3d3       100%        3
 Inner Flame              Hex/Fire       0%         N/A       100%        3
 Kindle Blastsparks       Fire/Tloc/Air  0%         2d10      100%        3
 Lesser Beckoning         Tloc           0%         N/A       100%        3
 Mephitic Cloud           Conj/Pois/Air  0%         N/A       100%        3
 Ozocubu's Armour         Ice            0%         N/A       100%        3
 Summon Guardian Golem    Hex/Summ       0%         N/A       100%        3
 Vhi's Electric Charge    Tloc/Air       0%         N/A       100%        3
 Airstrike                Air            0%         2d(0-16)  100%        4
 Animate Armour           Summ/Erth      0%         N/A       100%        4
 Dispel Undead            Necr           0%         3d6       100%        4
 Flame Wave               Conj/Fire      0%         2d4       100%        4
 Fulminant Prism          Conj/Hex       0%         3d5       100%        4
 Ice Form                 Ice/Tmut       0%         N/A       100%        4
 Iskenderun's Mystic Bla  Conj/Tloc      0%         2d3       100%        4
 Leda's Liquefaction      Hex/Erth       0%         N/A       100%        4
 Manifold Assault         Tloc           0%         N/A       100%        4
 Olgreb's Toxic Radiance  Pois           0%         N/A       100%        4
 Sticky Flame             Conj/Fire      0%         2d3       100%        4
 Summon Lightning Spire   Summ/Air       0%         N/A       100%        4
 Arcjolt                  Conj/Air       0%         1d10      100%        5
 Blade Hands              Tmut           0%         N/A       100%        5
 Irradiate                Conj/Tmut      0%         3d11      100%        5
 Lee's Rapid Deconstruct  Erth           0%         3d4*      100%        5
 Lightning Bolt           Conj/Air       0%         1d11      100%        5
 Metabolic Englaciation   Hex/Ice        0%         N/A       100%        5
 Conjure Ball Lightning   Conj/Air       0%         3x3d6     100%        6
 Dispersal                Tloc           0%         N/A       100%        6
 Eringya's Noxious Bog    Tmut/Pois      0%         N/A       100%        6
 Iron Shot                Conj/Erth      0%         9d1       100%        6
 Simulacrum               Ice/Necr       0%         N/A       100%        6
 Statue Form              Tmut/Erth      0%         N/A       100%        6
 Summon Cactus Giant      Summ           0%         N/A       100%        6
 Dragon Form              Tmut           0%         N/A       100%        7
 Malign Gateway           Summ/Tloc      0%         N/A       100%        7
 Ozocubu's Refrigeration  Ice            0%         4d7       100%        7
 Spellforged Servitor     Conj/Summ      0%         N/A       100%        7
 Disjunction              Tloc           0%         N/A       100%        8
 Ignition                 Fire           0%         3d3       100%        8
 Maxwell's Capacitive Co  Air            0%         ∞         100%        8


Dungeon Overview and Level Annotations

Branches:
Dungeon (15/15)            Temple (1/1) D:6            Lair (5/5) D:8
 Shoals (4/4) Lair:3        Snake (4/4) Lair:3        Slime (2/5) Lair:5
    Orc (2/2) D:10            Elf (1/3) Orc:2        Vaults (4/5) D:13
  Crypt (0/3) Vaults:3     Depths (0/4) D:15          Sewer (visited)
Ossuary (visited)         Gauntlet (visited)

Altars:
Ashenzari
Cheibriados
Dithmenos
Elyvilon
Fedhas
Gozag
Hepliaklqana
Kikubaaqudgha
Makhleb
Nemelex Xobeh
Okawaru
Qazlal
Ru
Sif Muna
Trog
Uskayaw
Vehumet
Wu Jian
Xom
Yredelemnul
Zin
The Shining One
Jiyva

Shops:
D:4 (   D:6 (   D:7 [   D:9 [   Orc:1 :=   Orc:2 [(*   Shoals:3 =   Shoals:4 *
Snake:1 **   Snake:3 =   Vaults:2 [*?

Portals:
Abyss: Lair:2

Annotations:
Shoals:4 exclusion: obsidian statue, Cardigan's ghost, adept DjCj
Elf:1 Donald


Innate Abilities, Weirdness & Mutations

((You are very nimble when in or above water. (Stealth+, EV+, Speed+++)))
Your lower body shifts to a powerful aquatic tail in water.
Your flesh is very cold resistant. (rC++)
Armour fits poorly on your strangely shaped body.
You are dopey. (Int -2)
You are frail. (-10% HP)
You are strong-willed. (Will+)
You do not regenerate when monsters are visible.


Message History

The ironbound preserver's mind is blasted!
You blow up the ironbound preserver!
The yaktaur captain hits you from afar with a +0 spear.
Your lightning rod (1/4) has regained one charge.
Your tin of tremorstones (1/2) has regained one charge.
You hit the frost giant.
The frost giant is moderately wounded.
The yaktaur captain hits you from afar with a +0 spear!
Electricity crackles from the ironbound thunderhulk's apparatus.
The bolt of lightning misses you.
The frost giant hits you with a +2 battleaxe of freezing!!
* * * LOW HITPOINT WARNING * * *
The frost giant freezes you.
* * * LOW HITPOINT WARNING * * *
You hit the frost giant.
The frost giant is moderately wounded.
An entropy weaver comes into view.
Aiming: Mindburst
Press: ? - help, Shift-Dir - straight line, f/p - ironbound thunderhulk
Aim: an ironbound thunderhulk, wielding a +0 dire flail and wearing a +0 animal skin (almost dead, chance to affect: 85%)
The frost giant's mind is blasted!!!
The yaktaur captain hits you from afar with a +0 spear!
* * * LOW HITPOINT WARNING * * *
The frost giant misses you.
The frost giant is temporarily struck blind!
A dire elephant comes into view.
Aiming: Mindburst
Press: ? - help, Shift-Dir - straight line, f/p - ironbound thunderhulk
Aim: an ironbound thunderhulk, wielding a +0 dire flail and wearing a +0 animal skin (almost dead, chance to affect: 85%)
The frost giant's mind is blasted!!!
You blow up the frost giant!
The yaktaur captain unwields a +0 spear.
The yaktaur captain wields a +0 arbalest.
The yaktaur captain shoots a bolt.
The bolt hits you!
* * * LOW HITPOINT WARNING * * *
Electricity crackles from the ironbound thunderhulk's apparatus.
The bolt of lightning misses you.
Okay, then.
You feel better.
The yaktaur captain shoots a bolt.
The bolt hits you!!
You die...

#.###....##
#.######...#
#.##..)###..#
#.#...))##..#
# +..)))'##.#
. #.).))#)#.#
.? ##...##)#.#
...######)##.+
#....###@##.##
#....O)##.##
##...c...##
###Y##### #.B
#.. #. ..


You could see a dire elephant, an ironbound thunderhulk, a yaktaur captain and
an entropy weaver.

Vanquished Creatures
  Bai Suzhen (Shoals:4)
  Nikola (Snake:1)
  Jorgrun (D:12)
  A lich (Vaults:2)
  Rupert (D:14)
  2 quicksilver dragons
  An acid blob (Slime:1)
  The ghost of Mil Mal Serr the Warrior, an adept MiFi of Okawaru (Shoals:3)
  The ghost of Cihivoiw the Ruinous, an adept TeCj of Sif Muna (Shoals:3)
  Gastronok (Lair:3)
  4 nagarajas
  The ghost of Zonum the Fencer, an adept DjGl of Gozag (Snake:3)
  2 azure jellies
  A rockslime (Slime:1)
  The ghost of Zuxu Cyl the Earth Mage, an adept GrEE of Vehumet (Shoals:3)
  A revenant (Vaults:3)
  A frost giant (Vaults:4)
  2 deep elf sorcerers (Vaults:2)
  4 vault wardens
  Aizul (Snake:4)
  A ghoul (Vaults:3)
  A curse skull (Vaults:3)
  13 ironbound preservers
  2 orc warlords
  3 very ugly things (Vaults:3)
  A quicksilver ooze (Slime:2)
  7 ironbound thunderhulks
  2 stone giants (Vaults:4)
  3 deep elf demonologists
  A vampire knight (Vaults:3)
  7 dire elephants (Vaults:1)
  A minotaur (Gauntlet)
  The ghost of qeuew the Cleaver, a journeyman HOFi of Trog (Lair:2)
  2 crystal guardians
  A deep elf death mage (Vaults:2)
  2 ettins
  4 merfolk javelineers (Shoals:4)
  9 merfolk impalers
  A fire dragon (D:15)
  An ice dragon (D:15)
  The ghost of baller8008 the Cleaver, a journeyman MiFi of Trog (D:10)
  2 entropy weavers
  4 great orbs of eyes
  11 yaktaur captains
  2 vault guards (Vaults:2)
  10 hydras
  4 rakshasas
  A peacekeeper (Vaults:2)
  2 salamander tyrants
  4 ironbound frosthearts
  3 merfolk avatars (Shoals:2)
  20 two-headed ogres
  4 merfolk aquamancers
  16 centaur warriors
  6 ogre magi
  2 catoblepae (Lair:5)
  A satyr (Shoals:3)
  10 boulder beetles
  An alligator snapping turtle (Shoals:1)
  7 anacondas
  6 death yaks (Lair:5)
  3 tengu warriors
  A deep troll earth mage (Vaults:2)
  13 naga warriors
  10 naga sharpshooters
  Nergalle (D:12)
  A deep elf knight (Elf:1)
  5 shock serpents
  A spriggan (Lair:2)
  Urug (D:12)
  Amaemon (D:10)
  2 salamander mystics
  The ghost of Iich the Cleaver, a novice MiBe of Trog (D:8)
  A hell knight (Vaults:4)
  4 skeletal warriors (D:15)
  27 deep trolls
  12 sea snakes
  A glowing orange brain (Vaults:2)
  6 naga ritualists
  A deep elf archer (Elf:1)
  A phantasmal warrior (Vaults:4)
  7 wizards
  A necromancer (Vaults:2)
  10 lindwurms
  An orange crystal statue (Gauntlet)
  12 ironbound convokers
  2 orc sorcerers (Orc:2)
  8 orc knights
  A deep elf zephyrmancer (Elf:1)
  21 harpies
  30 ugly things
  13 salamanders
  12 fauns
  A shining eye (Slime:1)
  7 mana vipers
  10 manticores
  4 deep elf pyromancers (Elf:1)
  7 cyclopes
  3 elephants (Lair:5)
  8 water nymphs
  41 black mambas
  7 vault sentinels
  Maurice (D:8)
  14 naga magi
  An elf zombie (Vaults:2)
  5 guardian serpents
  7 merfolk sirens
  2 gargoyles
  2 torpor snails
  2 orange demons
  8 cane toads
  An elf skeleton (Vaults:2)
  An efreet (D:15)
  3 rime drakes
  An unseen horror (D:11)
  3 kobold demonologists (D:13)
  32 yaktaurs
  5 komodo dragons
  An ice devil (Lair:2)
  32 merfolk
  7 trolls
  A queen bee (D:10)
  A hornet (Lair:2)
  A tarantella (Vaults:1)
  A polar bear (Lair:5)
  9 wind drakes
  A tarantella (shapeshifter) (D:15)
  19 slime creatures
  8 snapping turtles
  8 blink frogs
  A raiju (Lair:2)
  A centaur simulacrum (D:14)
  An air elemental (Elf:1)
  2 shadows
  14 water elementals
  A culicivora (Vaults:1)
  An ettin skeleton (Vaults:2)
  4 wyverns
  A wraith (D:14)
  47 yaks
  4 basilisks
  A human (D:9)
  Grum (D:9)
  A vampire (D:12)
  A golden eye (shapeshifter) (D:11)
  A redback (Vaults:2)
  5 steam dragons
  10 vampire mosquitoes
  6 wargs
  35 nagas
  2 acid dragons
  19 water moccasins
  4 black bears
  4 ice beasts
  21 orc warriors
  A sky beast (D:7)
  29 ogres
  11 wolves
  22 centaurs
  A human skeleton (Vaults:2)
  A phantom (D:7)
  7 kobold brigands
  2 gnoll sergeants (D:9)
  3 two-headed ogre simulacra (D:13)
  12 bullfrogs
  An earth elemental (Elf:1)
  2 necrophages
  A scorpion (D:4)
  6 water moccasin zombies (Ossuary)
  2 cane toad simulacra (D:13)
  9 wights (D:8)
  15 killer bees
  An electric eel (D:7)
  2 gnoll boudas
  3 hounds
  16 orc priests
  2 jellies
  A human zombie (D:9)
  7 iguanas
  Natasha (thrice) (D:2)
  23 orc wizards
  3 spriggan simulacra (D:13)
  2 mummies (Ossuary)
  24 gnolls
  12 adders
  10 river rats
  2 shadow imps
  2 white imps
  4 ufetubi
  4 adder zombies (Ossuary)
  3 worms
  2 dart slugs
  67 orcs
  12 ball pythons
  7 endoplasms
  3 giant cockroaches
  6 gnoll zombies (Ossuary)
  10 goblins
  5 hobgoblins
  7 jackals
  29 kobolds
  2 quokkas (D:4)
  4 bats
  4 frilled lizards
  9 hobgoblin zombies (Ossuary)
  3 kobold zombies (Ossuary)
  29 rats
1321 creatures vanquished.

Vanquished Creatures (collateral kills)
  A deep troll shaman (Lair:5)
  A killer bee (D:10)
2 creatures vanquished.

Vanquished Creatures (others)
  A sea snake (Shoals:4)
  A lindwurm (Vaults:2)
  An ugly thing (Vaults:1)
  A naga (Snake:4)
  2 boggarts (Vaults:2)
  An orc (Orc:1)
  2 bushes (Lair:5)
  30 fungi
  A lurking horror (Lair:2)
  69 plants
109 creatures vanquished.

Grand Total: 1432 creatures vanquished

Notes
Turn   | Place    | Note
-------+----------+-------------------------------------------
     0 | D:1      | NinjaNoafa the Merfolk Gladiator began the quest for the
                  | Orb.
     0 | D:1      | Reached XP level 1. HP: 16/16 MP: 1/1
    52 | D:1      | Reached XP level 2. HP: 23/23 MP: 2/2
   569 | D:2      | Reached XP level 3. HP: 25/28 MP: 3/3
   901 | D:2      | Noticed Natasha
   908 | D:2      | Killed Natasha
   909 | D:2      | Reached skill level 5 in Dodging
   909 | D:2      | Reached XP level 4. HP: 29/35 MP: 4/4
  1096 | D:2      | Noticed Natasha
  1105 | D:2      | Killed Natasha
  1139 | D:2      | Noticed Natasha
  1150 | D:2      | Killed Natasha
  1151 | D:2      | Reached XP level 5. HP: 25/41 MP: 5/5
  1343 | D:2      | Found a faded altar of an unknown god.
  1602 | D:3      | Reached skill level 5 in Short Blades
  1637 | D:3      | Found a hazy altar of Hepliaklqana.
  1640 | D:3      | Found an iron altar of Okawaru.
  1645 | D:3      | Found a burning altar of Makhleb.
  1984 | D:3      | Found a glowing drain.
  1989 | Sewer    | Entered a sewer
  2225 | Sewer    | Reached XP level 6. HP: 24/48 MP: 6/6
  3122 | D:3      | Reached XP level 7. HP: 47/55 MP: 7/7
  3141 | D:3      | Reached skill level 5 in Fighting
  3909 | D:4      | Found Plog's Antique Weapon Boutique.
  4939 | D:5      | Entered Level 5 of the Dungeon
  4985 | D:5      | Reached XP level 8. HP: 61/65 MP: 8/8
  6356 | D:5      | Reached skill level 1 in Polearms
  6818 | D:6      | Found Tost's Antique Weapon Emporium.
  6821 | D:6      | Bought a twisted halberd for 189 gold pieces
  6821 | D:6      | Identified the +10 halberd of Painful Death {freeze, rElec
                  | rPois rF+} (You bought it in a shop on level 6 of the
                  | Dungeon)
  6894 | D:6      | Reached skill level 1 in Evocations
  6932 | D:6      | Reached XP level 9. HP: 73/73 MP: 9/9
  7381 | D:6      | Found a staircase to the Ecumenical Temple.
  7391 | Temple   | Entered the Ecumenical Temple
  7391 | Temple   | Found a transporter.
  7391 | Temple   | Found a transporter.
  7396 | Temple   | Found a transporter.
  7396 | Temple   | Found a transporter.
  7451 | Temple   | Became a worshipper of Uskayaw the Reveller
  7486 | Temple   | Reached * piety under Uskayaw
  7491 | Temple   | Reached ** piety under Uskayaw
  7493 | Temple   | Reached skill level 1 in Armour
  7644 | D:6      | Found a bloodstained altar of Trog.
  7658 | D:6      | Reached *** piety under Uskayaw
  7664 | D:6      | Reached **** piety under Uskayaw
  7858 | D:7      | Identified the +1 pair of boots "Koloiga" {Fly Dex+8}
  8186 | D:7      | Found a sand-covered staircase.
  8205 | Ossuary  | Entered an ossuary
  8298 | Ossuary  | Reached skill level 10 in Dodging
  8367 | Ossuary  | Reached XP level 10. HP: 80/80 MP: 10/10
  8659 | D:7      | Found a sparkling altar of Nemelex Xobeh.
  8886 | D:7      | Found Cidwadih's Armour Shoppe.
  8897 | D:7      | Identified the +1 ring mail of Oxon {Fly rElec Dex+3}
  9110 | D:8      | Noticed a six-headed hydra
  9110 | D:8      | Noticed Maurice
  9110 | D:8      | Found a staircase to the Lair.
  9128 | D:8      | Reached skill level 5 in Polearms
  9177 | D:9      | Reached ***** piety under Uskayaw
  9371 | D:9      | Found a glowing golden altar of the Shining One.
  9379 | D:9      | Noticed Grum
  9591 | D:8      | Found a runed translucent gate.
  9591 | D:8      | Found a runed translucent gate.
  9591 | D:8      | Found a runed translucent gate.
  9593 | D:8      | Noticed a tengu warrior
  9605 | D:8      | Noticed Iich's ghost (novice MiBe)
  9683 | D:8      | Reached ****** piety under Uskayaw
  9814 | D:8      | Paralysed by an orc for 3 turns
  9977 | D:8      | Noticed a two-headed ogre
  9990 | D:8      | Killed a two-headed ogre
  9991 | D:8      | Reached skill level 10 in Fighting
 10495 | Lair:1   | Entered Level 1 of the Lair of Beasts
 10599 | Lair:1   | Reached skill level 5 in Armour
 10619 | Lair:1   | Reached XP level 11. HP: 90/90 MP: 11/11
 10655 | Lair:1   | Reached skill level 10 in Polearms
 11142 | Lair:1   | Reached skill level 5 in Invocations
 11316 | Lair:1   | Found the +8 whip "Snakebite" {venom, curare, rPois}
 12241 | Lair:2   | Noticed a six-headed hydra
 12279 | Lair:2   | Killed a seven-headed hydra
 12548 | Lair:2   | Found a transporter.
 12564 | Lair:2   | Found a transporter.
 12566 | Lair:2   | Noticed a spriggan rider
 12635 | Lair:2   | Noticed qeuew's ghost (journeyman HOFi)
 12971 | Lair:2   | Found a one-way gate to the infinite horrors of the Abyss.
 13313 | Lair:3   | Noticed an eight-headed hydra
 13328 | Lair:3   | Killed an eight-headed hydra
 13329 | Lair:3   | Reached skill level 10 in Invocations
 13490 | Lair:3   | Reached XP level 12. HP: 56/97 MP: 19/19
 13632 | Lair:3   | Reached skill level 5 in Throwing
 13635 | Lair:3   | Found a staircase to the Shoals.
 13641 | Lair:3   | Noticed a six-headed hydra
 13678 | Lair:3   | Killed a six-headed hydra
 13904 | Lair:3   | Found a staircase to the Snake Pit.
 14016 | Lair:3   | Noticed Gastronok
 14025 | Lair:3   | Killed Gastronok
 14294 | Lair:3   | Noticed an eight-headed hydra
 14419 | Lair:3   | Killed an eight-headed hydra
 15196 | D:8      | Killed Maurice
 15982 | Lair:4   | Noticed a four-headed hydra
 16009 | Lair:4   | Killed a five-headed hydra
 16420 | Lair:4   | Reached XP level 13. HP: 85/107 MP: 20/20
 17062 | Lair:5   | Entered Level 5 of the Lair of Beasts
 17353 | Lair:5   | HP: 4/108 [polar bear (2)]
 17365 | Lair:5   | HP: 2/108 [catoblepas (25)]
 17394 | Lair:5   | Gained mutation: You are strong-willed. (Will+) [potion of
                  | mutation]
 17394 | Lair:5   | Gained mutation: Your flesh is cold resistant. (rC+)
                  | [potion of mutation]
 17394 | Lair:5   | Gained mutation: Your flesh is very cold resistant. (rC++)
                  | [potion of mutation]
 17901 | D:7      | Bought the +1 chain mail "Yceg" {rF- Str+5} for 280 gold
                  | pieces
 18133 | Lair:5   | Found a viscous altar of Jiyva.
 18133 | Lair:5   | Found a staircase to the Slime Pits.
 18280 | Lair:5   | Reached skill level 1 in Maces & Flails
 19170 | Lair:5   | Reached skill level 5 in Evocations
 20187 | D:9      | Killed Grum
 20361 | D:9      | Found the +7 staff of the Meek {protect, meekguard}
 20376 | D:9      | Found a runed translucent door.
 20398 | D:9      | Found a basalt altar of Yredelemnul.
 20530 | D:9      | Reached XP level 14. HP: 118/118 MP: 21/21
 20534 | D:9      | Found Seiseem's Armour Boutique.
 20925 | D:10     | Entered Level 10 of the Dungeon
 20965 | D:10     | Noticed baller8008's ghost (journeyman MiFi)
 20966 | D:10     | Found a transporter.
 20970 | D:10     | Found a transporter.
 20982 | D:10     | Noticed Amaemon
 20987 | D:10     | Identified the +7 rapier "Kuiby" {vamp, rElec Will+++ Str-4
                  | Int-4 Dex+2}
 21001 | D:10     | Killed Amaemon
 21507 | D:10     | Found a staircase to the Orcish Mines.
 21936 | D:11     | Found a gate leading to a gauntlet.
 21987 | Gauntlet | Entered a Gauntlet
 21987 | Gauntlet | Found a transporter.
 21987 | Gauntlet | Found a transporter.
 22000 | Gauntlet | Found a transporter.
 22019 | Gauntlet | Found a transporter.
 22019 | Gauntlet | Found a transporter.
 22022 | Gauntlet | Found a transporter.
 22022 | Gauntlet | Found a transporter.
 22023 | Gauntlet | Found a transporter.
 22036 | Gauntlet | Found a transporter.
 22054 | Gauntlet | Found a transporter.
 22061 | Gauntlet | Noticed a reaper
 22064 | Gauntlet | Found a transporter.
 22079 | Gauntlet | Found a transporter.
 22099 | Gauntlet | Found a transporter.
 22099 | Gauntlet | Found the +1 cloak of Starlight {*Dazzle EV+4 Stlth--}
 22116 | Gauntlet | Found a transporter.
 22249 | Gauntlet | Identified the +0 helmet of Sif Muna's Benevolence {rF+
                  | Str-5 Dex+5}
 22360 | Gauntlet | Identified the +4 broad axe of Okawaru's Outrage {freeze,
                  | Int+4}
 22595 | Gauntlet | Identified the +1 ring mail of Infinity {rElec rC- rN+}
 22595 | Gauntlet | Identified the +8 flail of Internal Strife {flame, rC+
                  | Will+ Dex+4}
 23147 | D:12     | Reached skill level 15 in Polearms
 23150 | D:12     | Noticed Nergalle
 23165 | D:12     | Killed Nergalle
 23319 | D:12     | Noticed Jorgrun
 23326 | D:12     | Killed Jorgrun
 23458 | D:12     | Noticed Urug
 23470 | D:12     | Killed Urug
 23819 | D:12     | Found a glowing silver altar of Zin.
 23819 | D:12     | Noticed an angel
 24191 | D:13     | Noticed an ironbound preserver
 24212 | D:13     | Killed an ironbound preserver
 24217 | D:13     | Found a gate to the Vaults.
 24840 | D:13     | Reached XP level 15. HP: 126/126 MP: 22/22
 25430 | Snake:1  | Entered Level 1 of the Snake Pit
 25469 | Snake:1  | Found Ingihosetu's General Store.
 25469 | Snake:1  | Found Acabb's Assorted Antiques.
 25483 | Snake:1  | Bought a scroll of identify for 30 gold pieces
 25483 | Snake:1  | Bought a scroll of identify for 30 gold pieces
 25483 | Snake:1  | Bought a scroll of identify for 30 gold pieces
 25483 | Snake:1  | Bought 2 scrolls of identify for 60 gold pieces
 25483 | Snake:1  | Bought a potion of curing for 45 gold pieces
 25515 | Snake:1  | Bought a scroll of enchant weapon for 202 gold pieces
 25515 | Snake:1  | Bought a scroll of identify for 54 gold pieces
 25908 | Snake:1  | Noticed Nikola
 25916 | Snake:1  | Killed Nikola
 27605 | Snake:2  | Reached skill level 10 in Armour
 28222 | Snake:3  | Found a runed translucent gate.
 28222 | Snake:3  | Found a runed translucent gate.
 28224 | Snake:3  | Found a runed translucent gate.
 28224 | Snake:3  | Noticed Zonum's ghost (adept DjGl)
 28224 | Snake:3  | Noticed a nagaraja
 28285 | Snake:3  | Found Cuta's Jewellery Shoppe.
 28291 | Snake:3  | Reached XP level 16. HP: 133/133 MP: 23/23
 28295 | Snake:3  | Bought the amulet of Sin {Reflect -Cast rElec Regen+ Dex-2
                  | SH+5 SInv} for 481 gold pieces
 28562 | D:8      | Killed Iich's ghost
 28702 | D:10     | Killed baller8008's ghost
 28971 | Lair:2   | Killed qeuew's ghost
 29440 | Snake:3  | Identified the +11 chain mail of the Desert {Will+}
 29570 | Snake:4  | Entered Level 4 of the Snake Pit
 29689 | Snake:4  | Got the Writings on Fog
 30102 | Snake:4  | Noticed Aizul
 30119 | Snake:4  | Killed Aizul
 30369 | Snake:4  | Noticed a nagaraja
 30379 | Snake:4  | Killed a nagaraja
 30407 | Snake:4  | Noticed a quicksilver dragon
 30416 | Snake:4  | Noticed a nagaraja
 30422 | Snake:4  | Noticed a quicksilver dragon
 30555 | Snake:3  | Killed a nagaraja
 30555 | Snake:3  | Killed Zonum's ghost
 30670 | Snake:3  | Killed a quicksilver dragon
 30913 | Shoals:1 | Entered Level 1 of the Shoals
 30937 | Shoals:1 | Reached XP level 17. HP: 139/139 MP: 25/25
 31869 | Shoals:2 | Found a runed translucent door.
 31916 | Shoals:2 | Reached skill level 10 in Evocations
 32757 | Shoals:3 | Found a runed translucent gate.
 32805 | Shoals:3 | Found Xuskifage's Jewellery Shoppe.
 32955 | Shoals:3 | Got the Collected Works on Virous Embers
 33086 | Shoals:3 | Found a runed translucent gate.
 33087 | Shoals:3 | Found a runed translucent gate.
 33325 | Shoals:3 | Noticed Zuxu Cyl's ghost (adept GrEE)
 33325 | Shoals:3 | Noticed Mil Mal Serr's ghost (adept MiFi)
 33325 | Shoals:3 | Noticed Cihivoiw's ghost (adept TeCj)
 33386 | Shoals:3 | Killed Zuxu Cyl's ghost
 33411 | Shoals:3 | Killed Cihivoiw's ghost
 33417 | Shoals:3 | Killed Mil Mal Serr's ghost
 33487 | Shoals:3 | Identified the +1 hat "Tunon" {Str+7 Dex-4}
 33554 | Shoals:4 | Entered Level 4 of the Shoals
 33749 | Shoals:4 | Noticed Bai Suzhen
 33786 | Shoals:4 | Killed Bai Suzhen
 33874 | Shoals:4 | Reached skill level 15 in Dodging
 33874 | Shoals:4 | Reached XP level 18. HP: 54/148 MP: 27/27
 34039 | Shoals:4 | Got a barnacled rune of Zot
 34126 | Shoals:4 | Found a runed translucent gate.
 34126 | Shoals:4 | Found a runed translucent gate.
 34126 | Shoals:4 | Found a runed translucent gate.
 34128 | Shoals:4 | Found an opulent altar of Gozag.
 34153 | Shoals:4 | Reached skill level 15 in Fighting
 34177 | Shoals:4 | Found Kear's Assorted Antiques.
 34178 | Shoals:4 | Noticed Cardigan's ghost (adept DjCj)
 34201 | Shoals:4 | Found the +5 sword of Power {vorpal}
 34698 | Shoals:4 | Got the Papyrus of Mustering
 35100 | Snake:4  | Killed a quicksilver dragon
 35223 | Snake:4  | Got a serpentine rune of Zot
 35695 | Orc:1    | Entered Level 1 of the Orcish Mines
 35852 | Orc:1    | Found Quammeoh's Self-Improvement Boutique.
 35912 | Orc:1    | Found a radiant altar of Vehumet.
 35925 | Orc:2    | Entered Level 2 of the Orcish Mines
 35959 | Orc:1    | Found Casaub's Jewellery Shop.
 36076 | Orc:1    | Bought an amulet of faith for 640 gold pieces
 36134 | Orc:2    | Found a staircase to the Elven Halls.
 36600 | Orc:2    | Found Etraty Imia's Weapon Shop.
 36600 | Orc:2    | Found Osmihuor's Assorted Antiques.
 36701 | Orc:2    | Found Xoym Gecw's Antique Armour Shop.
 36701 | Orc:2    | Found Muedwy's Assorted Antiques.
 36708 | Orc:2    | Bought a notched wooden ring for 155 gold pieces
 37209 | Elf:1    | Entered Level 1 of the Elven Halls
 37287 | Elf:1    | Noticed a Tzitzimitl
 37490 | Elf:1    | Paralysed by an air elemental for 1 turns
 37535 | Elf:1    | Noticed a Brimstone Fiend
 37567 | Elf:1    | Noticed Donald
 38649 | D:14     | Noticed Rupert
 38662 | D:14     | Killed Rupert
 39230 | D:15     | Entered Level 15 of the Dungeon
 39419 | D:15     | Reached XP level 19. HP: 157/157 MP: 29/29
 39447 | D:15     | Reached skill level 10 in Throwing
 39586 | D:15     | Identified the +7 chain mail of Jenn {rPois rF- rN+ Str+2}
 39931 | D:15     | Found a staircase to the Depths.
 40146 | Vaults:1 | Entered Level 1 of the Vaults
 40414 | Slime:1  | Entered Level 1 of the Pits of Slime
 40457 | Slime:1  | Gained mutation: You are frail. (-10% HP) [a shining eye]
 40459 | Slime:1  | Gained mutation: Armour fits poorly on your strangely
                  | shaped body. [a shining eye]
 40461 | Slime:1  | Gained mutation: You are dopey. (Int -2) [a shining eye]
 40465 | Slime:1  | Gained mutation: You do not regenerate when monsters are
                  | visible. [a shining eye]
 40753 | Slime:1  | HP: 7/144 [rockslime (30)]
 42951 | Vaults:1 | Identified the +5 halberd of Meerchicw {vorpal, rPois Int-3
                  | Dex+2}
 43771 | D:7      | Bought the +10 plate armour of Omission {Regen+ Str+3 SInv}
                  | for 1267 gold pieces
 44355 | Vaults:1 | Identified the +1 leather armour of Lugonu's Inspiration
                  | {rN++}
 44495 | Vaults:2 | Found Xeig's Antique Armour Shoppe.
 44597 | Vaults:2 | Found a flickering gateway to a bazaar.
 44606 | Vaults:2 | Found Roifom's Assorted Antiques.
 44616 | Bazaar   | Entered a bazaar
 44616 | Bazaar   | Found Dilenyse's Antique Armour Shop.
 44647 | Bazaar   | Found Egewusaupo's Antique Weapon Shop.
 44667 | Bazaar   | Found Xuhueqiu's General Store.
 44675 | Bazaar   | Bought a scroll of silence for 123 gold pieces
 44959 | Vaults:2 | Reached XP level 20. HP: 158/158 MP: 30/30
 45185 | Vaults:2 | Found Uduwkypujo's Magic Scroll Emporium.
 45374 | Vaults:2 | HP: 5/158 [orc warlord/+1 great mace of protection (17)]
 45596 | Vaults:2 | Found a transporter.
 45597 | Vaults:2 | Found a radiant altar of Vehumet.
 45597 | Vaults:2 | Found the +3 pair of seven-league boots {Rampage+∞}
 46831 | Vaults:3 | Reached skill level 15 in Invocations
 47293 | Vaults:2 | Found a transporter.
 47538 | Vaults:3 | Found a staircase to the Crypt.
 48204 | Vaults:4 | Reached XP level 21. HP: 80/164 MP: 32/32
 48229 | Vaults:4 | Shot with a bolt by a yaktaur captain

Illustrated notes

Levels and vault maps discovered:
D:1:      denvon_arrival_waterhouse, layout_rooms
D:2:      layout_loops_ring, shapermc_ecumenical_altar_petra, uniq_natasha
D:3:      layout_basic, grunt_temple_overflow_diamond, portal_sewer_entry_e
D:4:      layout_loops_cross, serial_shops, nicolae_shop_window_shopping,
          grunt_ministairs_11, minmay_cupped
D:5:      layout_loops_corners, grunt_decor_arrowhead, minivault_5,
          lightli_corner_chamber
D:6:      layout_basic, trog_antimagical, minmay_temple_entry_stoned_glass,
          serial_shops, kennysheep_mini, minmay_misc_feat_plants
D:7:      cheibrodos_helix_gallery, layout_loops_corners, kennysheep_mini_moat,
          nicolae_ossuary_entry_false_entrances, enter_bailey_2, serial_shops,
          shop
D:8:      layout_loops_ring, minmay_lair_entry_grove, gammafunk_ghost_split,
          uniq_maurice
D:9:      layout_irregular_city, dk_yredelemnul_ordeal, tso_metal_star,
          serial_shops, shop, uniq_grum
D:10:     layout_grid_maze, david_orc_2, gammafunk_ghost_hive, uniq_amaemon
D:11:     layout_cross, gauntlet_entry_generic
D:12:     minmay_connected_triangles_in_corner, layout_loops_ring, zin_angel,
          uniq_nergalle, uniq_urug, uniq_jorgrun
D:13:     layout_roguey, skrybe_vaults_entry_preservation,
          portal_ice_cave_entry_ice_simulacra
D:14:     layout_irregular_city, lemuel_flamethrower_3, uniq_rupert
D:15:     grunt_enter_depths_hoard, layout_basic, abandoned_shop, minivault_22
Temple:   hellmonk_temple_divided_pantheon
Lair:1:   minmay_guarded_unrand_snakebite, layout_cave_pods
Lair:2:   layout_layer_cave, gammafunk_ghost_abyssal_escape
Lair:3:   layout_loops_ring, elwin_shoals_entry_rocks,
          guppyfry_snake_entry_island, eino_small_chamber_without_monster,
          serial_bayou_shore_b, grunt_megastairs_2, uniq_gastronok
Lair:4:   layout_gridlike, beast_lair_carwin_11
Lair:5:   grunt_lair_end_beastmaster, layout_regular_city, slime_entry_1
Shoals:1: layout_shoals, nicolae_shoals_drake_roost
Shoals:2: layout_shoals, lightli_airlock
Shoals:3: layout_shoals, gammafunk_ghost_cemetery, serial_shops,
          nicolae_square_shop
Shoals:4: shoals_end_simple, layout_shoals, ebering_ghost_gozag, uniq_bai_suzhen
Snake:1:  layout_misc_corridors, grunt_megastairs_3, minmay_shoptagon,
          uniq_nikola
Snake:2:  layout_grid_shapes, grunt_megastairs_5
Snake:3:  layout_rooms, serial_shops, shop, gammafunk_ghost_split
Snake:4:  hellmonk_snake_rune_quicksilver_temple, layout_cave_town, uniq_aizul
Slime:1:  layout_caves
Slime:2:  layout_caves
Orc:1:    layout_caves, serial_shops, shop, lemuel_statue_altar,
          nicolae_shop_self_help
Orc:2:    st_orc_ogre_mass, layout_caves
Elf:1:    nicolae_elf_arrival_fired_up, layout_loops_cross, serial_shops,
          nicolae_shop_bloodbath_and_beyond, minmay_elf_demonology,
          minmay_elf_annihilation, uniq_donald
Vaults:1: v_misc_28, dpeg_vaults_monster_row, vaults_room_grid,
          vaults_room_door_hall, hangedman_vaults_impose, v_misc_30,
          grunt_vaults_diagonal, dpeg_vaults_monster_box, layout_vaults_omnigrid
Vaults:2: nicolae_vaults_mini_display_case, gammafunk_sealed_library, v_misc_16,
          vaults_room_stairs_pillars, ontoclasm_vaults_chip,
          nicolae_vaults_ring_of_whatevers, nicolae_vaults_network_quincunx
          [nicolae_vaults_network_quincunx_subvault,
          nicolae_vaults_network_quincunx_subvault,
          nicolae_vaults_network_quincunx_subvault,
          nicolae_vaults_network_quincunx_subvault,
          nicolae_vaults_network_quincunx_subvault], v_misc_2,
          hangedman_vaults_stretched_pinwheel, ontoclasm_vaults_hangar,
          ontoclasm_vaults_twist, nicolae_vaults_little_squares_4,
          layout_vaults_maze, serial_shops, freezing_bzr, shop_coins,
          shop_scrolls, nicolae_shop_behind_doors
Vaults:3: vaults_dpeg_hooks, nicolae_vaults_three_branches,
          vaults_mumra_chevron, vaults_room_stairs_pillars,
          ontoclasm_vaults_tryst, v_alt_pattern_3, v_misc_25,
          grunt_vaults_twisty, nicolae_vaults_specimen_jars,
          layout_vaults_chaotic_city, minmay_crypt_entry_simple_walls
Vaults:4: st_quartered_hall, grunt_vaults_swirl, v_alt_pattern_4,
          nicolae_vaults_network_periphery, nicolae_vaults_network_square,
          vaults_mumra_minichess_inversion, vaults_standard_mumra_x, v_rooms_3,
          vaults_room_grid, v_misc_22, nicolae_vaults_little_squares_3,
          ontoclasm_vaults_gateway, v_misc_17, layout_vaults_omnibox,
          serial_shops, nicolae_shop_waterfront

Skill      XL: |  1  2  3  4  5  6  7  8  9 10 11 12 13 14 15 16 17 18 19 20 |
---------------+-------------------------------------------------------------+-----
Short Blades   | 4 5 6 |  6.0
Fighting       | 3 4 6 7 8 10 11 13 14 16 20 | 20.0
Dodging        | 5 6 8 9 10 12 13 14 15 16 | 16.0
Polearms       | 2 4 9 10 11 12 20 | 20.0
Evocations     | 1 4 6 8 10 13 | 13.8
Throwing       | 4 6 7 9 10 | 10.0
Armour         | 4 5 6 10 13 14 | 14.9
Invocations    | 10 12 13 15 | 15.8
Maces & Flails | 3 |  3.0

Action                   |  1- 3 |  4- 6 |  7- 9 | 10-12 | 13-15 | 16-18 | 19-21 || total
-------------------------+-------+-------+-------+-------+-------+-------+-------++-------
Melee: Rapier            |    96 |   104 |       |       |       |       |       ||   200
       Dagger            |       |   185 |   397 |       |       |       |       ||   582
       Punch             |       |     4 |     9 |     1 |     1 |       |       ||    15
       Tailslap          |       |     5 |       |       |       |       |       ||     5
       Halberd           |       |       |   195 |   337 |   737 |  1056 |   774 ||  3099
       Whip              |       |       |       |    24 |    78 |       |       ||   102
       Demon trident     |       |       |       |       |     6 |    13 |       ||    19
       Great sword       |       |       |       |       |       |     8 |       ||     8
Throw: Javelin           |     2 |     1 |       |     2 |     2 |     3 |    37 ||    47
       Throwing net      |       |     3 |     1 |       |       |       |       ||     4
       Boomerang         |       |     3 |    38 |    48 |    33 |    64 |     2 ||   188
       Dart              |       |       |       |    11 |     4 |       |       ||    15
Invok: Line Pass         |       |       |       |       |     2 |     5 |     3 ||    10
       Stomp             |       |       |       |       |     2 |     5 |     4 ||    11
       Grand Finale      |       |       |       |       |       |     2 |       ||     2
Evoke: Wand              |       |    12 |     2 |    21 |     1 |    32 |    12 ||    80
       Lightning rod     |       |       |       |     3 |     2 |     2 |     6 ||    13
       Piece from Xom's  |       |       |       |     3 |     2 |       |       ||     5
       Tin of tremorston |       |       |       |       |     1 |     3 |     6 ||    10
       Phial of floods   |       |       |       |       |       |     1 |       ||     1
  Use: Potion            |       |       |     2 |     8 |     7 |     9 |    10 ||    36
       Scroll            |       |       |       |    21 |    22 |     9 |     8 ||    60
 Stab: Sleeping          |       |     2 |     3 |     5 |       |       |       ||    10
       Held in net/web   |       |     1 |       |       |       |       |       ||     1
       Invisible         |       |       |     4 |       |    17 |    38 |    30 ||    89
       Paralysed         |       |       |     6 |    42 |    74 |   124 |    97 ||   343
       Petrified         |       |       |       |       |    11 |       |       ||    11
       Confused          |       |       |       |       |     4 |     3 |     1 ||     8
       Distracted        |       |       |       |       |     1 |       |       ||     1
Armor: Leather armour    |    18 |   102 |   183 |   116 |    45 |       |       ||   464
       Ring mail         |       |       |    13 |       |       |       |       ||    13
       Chain mail        |       |       |       |       |   142 |       |    96 ||   238
       Plate armour      |       |       |       |       |   135 |   326 |   141 ||   602
Dodge: Dodged            |    68 |   276 |   507 |   581 |   808 |  1022 |   944 ||  4206
Block: Other             |       |       |       |       |    86 |   170 |       ||   256
       Reflection        |       |       |       |       |    18 |    17 |       ||    35

Table legend: (Time is in decaauts)
 A = Elapsed time spent in this place.
 B = Non-inter-level travel time spent in this place.
 C = Inter-level travel time spent in this place.
 D = Time resting spent in this place.
 E = Time spent auto-exploring this place.
 F = Levels seen in this place.
 G = Mean time per level.
                   A        B        C        D        E       F      G
               +--------+--------+--------+--------+--------+-----+--------+
         Total |  46560 |  39906 |   6654 |   1629 |  29322 |  42 | 1108.6 |
       Dungeon |  16978 |  14254 |   2724 |      0 |  10840 |  15 | 1131.9 |
        Temple |    123 |     58 |     65 |      0 |      3 |   1 |  123.0 |
          Lair |  10906 |   8865 |   2041 |    817 |   6732 |   5 | 2181.2 |
        Shoals |   3255 |   2852 |    403 |     68 |   1903 |   4 |  813.8 |
     Snake Pit |   5436 |   4643 |    793 |    744 |   2940 |   4 | 1359.0 |
    Slime Pits |    307 |    278 |     29 |      0 |    201 |   2 |  153.5 |
  Orcish Mines |   1588 |   1502 |     86 |      0 |   1257 |   2 |  794.0 |
   Elven Halls |    390 |    325 |     65 |      0 |    222 |   1 |  390.0 |
        Vaults |   5659 |   5214 |    445 |      0 |   4080 |   4 | 1414.8 |
        Bazaar |     73 |     73 |      0 |      0 |     56 |   1 |   73.0 |
         Sewer |    943 |    943 |      0 |      0 |    592 |   1 |  943.0 |
       Ossuary |    243 |    243 |      0 |      0 |    119 |   1 |  243.0 |
      Gauntlet |    656 |    656 |      0 |      0 |    375 |   1 |  656.0 |
               +--------+--------+--------+--------+--------+-----+--------+

Top non-repeatable levels by time:
  Lair:5: 2932 daAuts
  Lair:2: 2401 daAuts
Vaults:1: 2153 daAuts
  Lair:1: 2105 daAuts
  Lair:3: 2016 daAuts
     D:8: 1947 daAuts
Vaults:2: 1731 daAuts
 Snake:1: 1710 daAuts
     D:5: 1668 daAuts
Vaults:3: 1639 daAuts
  Lair:4: 1450 daAuts
    D:13: 1432 daAuts
     D:7: 1403 daAuts
 Snake:2: 1388 daAuts
    D:10: 1322 daAuts
